 Dungeon Crawl Stone Soup version 0.30-a0-782-ge64f9170bb (console) character file.

Game seed: 18321147447201537089

37 utis the Gusty (level 3, 0/20 HPs)
             Began as a Tengu Wanderer on Feb 26, 2023.
             Slain by a black bear (2 damage)
             ... on level 2 of the Dungeon.
             The game lasted 00:07:34 (1441 turns).

utis the Gusty (Tengu Wanderer)                     Turns: 1441, Time: 00:07:35

Health: 0/20       AC:  7    Str: 10    XL:     3   Next: 41%
Magic:  7/7        EV: 10    Int: 14    God:
Gold:   87         SH:  0    Dex: 15    Spells: 5/6 levels left

rFire   . . .      SeeInvis .    j - +0 spear
rCold   . . .      Faith    .    (no shield)
rNeg    . . .      Spirit   .    g - +0 ring mail
rPois   .          Reflect  .    p - +1 hat
rElec   .          Harm     .    (no cloak)
rCorr   .          Rampage  .    d - +0 pair of gloves
Will    .....                    (boots unavailable)
Stlth   +                        (no amulet)
HPRegen 0.23/turn                (no ring)
MPRegen 0.10/turn                (no ring)

@: no status effects
A: beak, talons 3
a: no special abilities


You were on level 2 of the Dungeon.
You visited 1 branch of the dungeon, and saw 2 of its levels.

You collected 87 gold pieces.

Inventory:

Hand Weapons
 a - a +0 dagger
 j - a +0 spear (weapon)
Missiles
 m - 14 stones
 u - 6 javelins
Armour
 c - a +0 robe
 d - a +0 pair of gloves (worn)
 g - a +0 ring mail (worn)
 p - a +1 hat (worn)
Jewellery
 k - a ring of resist corrosion
Scrolls
 b - 2 scrolls of vulnerability
 e - a scroll of identify {unknown}
 f - a scroll of noise
 h - a scroll of enchant armour
 i - a scroll of blinking {unknown}
 n - a scroll of fog {unknown}
 o - a scroll of fear {unknown}
 q - a scroll of teleportation {unknown}
 r - a scroll of enchant weapon {unknown}
Potions
 l - a potion of resistance {unknown}
 s - a potion of brilliance {unknown}
 t - a potion of mutation {unknown}
 v - a potion of curing {unknown}


   Skills:
 - Level 1.0 Fighting
 - Level 1.1 Armour
 + Level 2.1 Dodging
 - Level 1.0 Stealth
 - Level 2.0 Spellcasting
 + Level 2.7 Conjurations
 - Level 1.1 Necromancy
 - Level 5.3 Air Magic


You had 5 spell levels left.
You knew the following spells:

 Your Spells              Type           Power      Damage    Failure   Level
z - Shock                 Conj/Air       48%        1d6       12%         1

Your spell library contained the following spells:

 Spells                   Type           Power      Damage    Failure   Level
 Swiftness                Air            16%        N/A       21%         3
 Kiss of Death            Conj/Necr      24%        2d7       26%         1
 Airstrike                Air            8%         2d(2-18)  56%         4
 Vampiric Draining        Necr           4%         2d6       75%         3


Dungeon Overview and Level Annotations

Branches:
Dungeon (2/15)

Altars:
Zin

Shops:
D:2 ((


Innate Abilities, Weirdness & Mutations

You have a beak for a mouth.
You have claws for feet.


Message History

The black bear claws you but does no damage.
The black bear attacks as you move away!
The black bear bites you but does no damage.
The black bear claws you but does no damage.
The black bear claws you.
The black bear attacks as you move away!
The black bear bites you!
* * * LOW HITPOINT WARNING * * *
The black bear claws you.
* * * LOW HITPOINT WARNING * * *
The black bear closely misses you.
Enter note: sheiße
Okay, then.
Okay, then.
As you read the scroll labelled FIGOANL JITYMASASI, it crumbles to dust.
You hear a loud clanging noise!
It was a scroll of noise.
The black bear bites you but does no damage.
The black bear claws you but does no damage. x2
Okay, then.
As you read the scroll labelled SIKLODGH MEUTUECS, it crumbles to dust.
It is a scroll of enchant armour.
Your +0 hat glows green for a moment.
The black bear bites you but does no damage.
The black bear claws you but does no damage.
The black bear claws you.
* * * LOW HITPOINT WARNING * * *
The black bear attacks as you move away!
The black bear bites you.
* * * LOW HITPOINT WARNING * * *
The black bear barely misses you.
The black bear claws you but does no damage.
The black bear attacks as you move away!
The black bear bites you.
* * * LOW HITPOINT WARNING * * *
The black bear claws you but does no damage. x2
The black bear attacks as you move away!
The black bear bites you but does no damage.
The black bear claws you.
You die...

.░.░ ░....<................
.░.░ ░░........░.░.░.......░
.░.░░░.........░.░........░
.░.░..............░░.....░░
.░.░..............░░......░.
.░.░......░░......░░.......░
░░.░...░░░░░......░░........
░░.░░░░░░░░░......░░......░░
...............hQ...........
.░.░░░░░░.........░░.......░
.░.░ ░......░░░░░░░░░....
░░.░ ░░░░░░░░ .░.. ░░.░ ░░░
░░.░ ░░.░ ░░.░ ...░


You could see a black bear.

Vanquished Creatures
  A gnoll (D:1)
  A dart slug (D:1)
  3 endoplasms (D:1)
  2 giant cockroaches (D:1)
  2 goblins (D:1)
  5 hobgoblins
  2 jackals (D:1)
  A quokka (D:1)
  A ball python (D:2)
  3 frilled lizards (D:1)
  A rat (D:1)
22 creatures vanquished.

Notes
Turn   | Place    | Note
-------+----------+-------------------------------------------
     0 | D:1      | utis the Tengu Wanderer began the quest for the Orb.
     0 | D:1      | utis set off with the following items: a +0 dagger, a
                  | scroll of vulnerability, a +0 robe, a +0 pair of gloves;
                  | and the following spells available to memorise: Shock,
                  | Swiftness, Kiss of Death, Airstrike, Vampiric Draining.
     0 | D:1      | Reached XP level 1. HP: 12/12 MP: 4/4
     2 | D:1      | Learned a level 1 spell: Shock
   117 | D:1      | Reached skill level 1 in Conjurations
   205 | D:1      | Reached skill level 1 in Dodging
   205 | D:1      | Reached XP level 2. HP: 14/16 MP: 1/6
   684 | D:1      | Reached XP level 3. HP: 10/20 MP: 2/7
  1153 | D:2      | Found Zidd's Antique Weapon Emporium.
  1240 | D:2      | Found Gorups's Antique Weapon Boutique.
  1329 | D:2      | Found a glowing silver altar of Zin.
  1375 | D:2      | Noticed a black bear
  1432 | D:2      | sheiße
  1441 | D:2      | Slain by a black bear

Illustrated notes

░...░.░.░.░ ░░........░.░.░......
.░.░....░.░░░.........░.░........
..∩.....░.░..............░░.....░
.░.░....░.░..............░░......
░...░...░.░......░░......░░......
......░░░.░...░░░░░......░░......
....░░░░░.░░░░░░░░░......░░......
...............h.................
...░....░.░░░░░░Q........░░......
...░....░.░ ░......░░░░░░░░░..
...░░░░░░.░ ░░░░░░░░ .░
.......░░.░ ░ .░.....░░.░
.░.....░░.░ ....░░░░░.░
.....░....░ .....'....░


Turn 1432 on D:2: sheiße

Levels and vault maps discovered:
D:1:      dpeg_arrival_tiny_b, layout_loops_cross
D:2:      layout_basic, basic_altar, serial_shops, shop_fountains,
          nicolae_shop_advertising_works [nicolae_subvault_shop_adworks], shop

Skill      XL: |  1  2  3 |
---------------+----------+-----
Conjurations   | 1 2 |  2.7
Dodging        | 1 2 |  2.1
Fighting       | |  1.0
Armour         | |  1.1
Stealth        | |  1.0
Spellcasting   | |  2.0
Necromancy     | |  1.1
Air Magic      | |  5.3

Action                     || total
---------------------------++-------
  Melee: Dagger            ||    10
         Peck              ||     2
         Kick              ||     3
         Punch             ||     1
         Spear             ||    12
   Cast: Shock             ||    30
    Use: Scroll            ||     2
 Armour: Robe              ||     8
         Ring mail         ||    17
  Dodge: Dodged            ||    26

Table legend: (Time is in decaauts)
 A = Elapsed time spent in this place.
 B = Non-inter-level travel time spent in this place.
 C = Inter-level travel time spent in this place.
 D = Time resting spent in this place.
 E = Time spent auto-exploring this place.
 F = Levels seen in this place.
 G = Mean time per level.
                   A        B        C        D        E       F      G
               +--------+--------+--------+--------+--------+-----+--------+
         Total |   1441 |   1433 |      8 |    251 |    842 |   2 |  720.5 |
       Dungeon |   1441 |   1433 |      8 |    251 |    842 |   2 |  720.5 |
               +--------+--------+--------+--------+--------+-----+--------+

Top non-repeatable levels by time:
     D:1: 1097 daAuts
     D:2: 344 daAuts
